TOP OF THE 1ST |
---|
Buffalo LightSabres batting - Pitching for Reading Rainbows : LHP Pedro Rosado | Pitching: LHP Pedro Rosado | | Batting: LHB Rob Davidson | 0-0: Ball 1-0: Ball 2-0: Ball 3-0: Called Strike 3-1: Foul Ball, location: 2F 3-2: Strikes out swinging | Batting: RHB Raúl Flores | 0-0: Called Strike 0-1: Called Strike 0-2: Ball 1-2: Strikes out swinging | Batting: RHB Sean White | 0-0: Ball 1-0: Called Strike 1-1: Foul Ball, location: 2F 1-2: Ball 2-2: Foul Ball, location: 2F 2-2: Foul Ball, location: 2F 2-2: Foul Ball, location: 2F 2-2: Ball 3-2: Fly out, F8 (Flyball, 8RM) | Top of the 1st over - 0 runs, 0 hits, 0 errors, 0 left on base; Buffalo 0 - Reading 0 | BOTTOM OF THE 1ST |
---|
Reading Rainbows batting - Pitching for Buffalo LightSabres : RHP Howard Jewel | Pitching: RHP Howard Jewel | | Batting: LHB Júlio Lorenzo | 0-0: Ball 1-0: Swinging Strike 1-1: Fly out, F9 (Line Drive, 9) | Batting: RHB José Moreno | 0-0: Called Strike 0-1: Called Strike 0-2: Foul Ball, location: 2F 0-2: Ball 1-2: Ball 2-2: Ball 3-2: Base on Balls | Batting: RHB Germán Romero | 0-0: Ball José Moreno steals 2nd base 1-0: Ball 2-0: Foul Ball, location: 2F 2-1: DOUBLE (Line Drive, 7LM) José Moreno scores | Batting: RHB Ethan Moore | 0-0: Ball 1-0: Called Strike 1-1: Ball 2-1: Foul Ball, location: 2F 2-2: Ball 3-2: Foul Ball, location: 2F 3-2: Strikes out swinging | Batting: LHB Ryan Flynn | 0-0: Ball 1-0: Ball 2-0: Ball 3-0: Base on Balls | Batting: RHB Ron King | 0-0: Ball 1-0: Fielders Choice at 2nd, 6-4 (Groundball, 6) | Bottom of the 1st over - 1 run, 1 hit, 0 errors, 2 left on base; Buffalo 0 - Reading 1 | TOP OF THE 2ND |
---|
Buffalo LightSabres batting - Pitching for Reading Rainbows : LHP Pedro Rosado | Batting: RHB Mario Solís | 0-0: Called Strike 0-1: Ball 1-1: Ball 2-1: Called Strike 2-2: Fly out, F6 (Flyball, 6D) | Batting: RHB Mike Wagner | 0-0: Ball 1-0: Swinging Strike 1-1: Ball 2-1: Ball 3-1: Base on Balls | Batting: LHB Garrett King | 0-0: Fly out, F7 (Line Drive, 7) | Batting: RHB Jorge Castillo | 0-0: Ball 1-0: Called Strike 1-1: Swinging Strike 1-2: Strikes out looking | Top of the 2nd over - 0 runs, 0 hits, 0 errors, 1 left on base; Buffalo 0 - Reading 1 | BOTTOM OF THE 2ND |
---|
Reading Rainbows batting - Pitching for Buffalo LightSabres : RHP Howard Jewel | Batting: RHB Richard Case | 0-0: SINGLE (Groundball, 6MD) | Batting: RHB Hubert Brown | 0-0: Ball 1-0: Foul Ball, location: 2F 1-1: Ball Richard Case steals 2nd base 2-1: Foul Ball, location: 2F 2-2: SINGLE (Line Drive, 6D) Richard Case to third Runner from 3rd tries for Home, SAFE, throw made home Hubert Brown to second | Batting: RHB Spike Kennedy | 0-0: Called Strike 0-1: Ground out 6-3 (Groundball, 6) Hubert Brown to third | Batting: LHB Júlio Lorenzo | 0-0: Ball 1-0: SINGLE (Line Drive, 34D) Hubert Brown scores | Batting: RHB José Moreno | 0-0: Ball 1-0: Swinging Strike 1-1: Foul Ball, location: 2F 1-2: Strikes out looking | Batting: RHB Germán Romero | 0-0: Hit by Pitch Júlio Lorenzo to second | Batting: RHB Ethan Moore | 0-0: Ball 1-0: Ball 2-0: Ball 3-0: Base on Balls Júlio Lorenzo to third Germán Romero to second | Batting: LHB Ryan Flynn | 0-0: Foul Ball, location: 2F 0-1: Fly out, F8 (Flyball, 8RXD) | Bottom of the 2nd over - 2 runs, 3 hits, 0 errors, 3 left on base; Buffalo 0 - Reading 3 | TOP OF THE 3RD |
---|
Buffalo LightSabres batting - Pitching for Reading Rainbows : LHP Pedro Rosado | Batting: RHB Huub Stolk | 0-0: Ball 1-0: Ball 2-0: Ground out 5-3 (Groundball, 56) | Batting: RHB Pedro Romero | 0-0: Ball 1-0: Foul Ball, location: 2F 1-1: Ball 2-1: Foul Ball, location: 2F 2-2: Foul Ball, location: 2F 2-2: Ball 3-2: Strikes out swinging | Batting: LHB Rob Davidson | 0-0: Called Strike 0-1: Foul Ball, location: 2F 0-2: Ball 1-2: Ball 2-2: Ground out 1-3 (Groundball, P) | Top of the 3rd over - 0 runs, 0 hits, 0 errors, 0 left on base; Buffalo 0 - Reading 3 | BOTTOM OF THE 3RD |
---|
Reading Rainbows batting - Pitching for Buffalo LightSabres : RHP Howard Jewel | Batting: RHB Ron King | 0-0: Ball 1-0: Foul Ball, location: 2F 1-1: Foul Ball, location: 2F 1-2: Foul Ball, location: 2F 1-2: SINGLE (Groundball, 6D) | Batting: RHB Richard Case | 0-0: SINGLE (Line Drive, 8LS) Ron King to second | Batting: RHB Hubert Brown | 0-0: Ball 1-0: Called Strike 1-1: Foul Ball, location: 2F 1-2: Ball 2-2: Ball 3-2: Base on Balls Ron King to third Richard Case to second | Batting: RHB Spike Kennedy | 0-0: Foul Ball, location: 2F 0-1: Ball 1-1: Foul Ball, location: 2F 1-2: Foul Ball, location: 2F 1-2: Ball 2-2: Strikes out swinging | Batting: LHB Júlio Lorenzo | 0-0: Called Strike 0-1: Ball 1-1: Foul Ball, location: 2F 1-2: SINGLE (Line Drive, 4MD) Ron King scores Richard Case to third Hubert Brown to second Runner from 3rd tries for Home, SAFE, no throw | Batting: RHB José Moreno | 0-0: Ball 1-0: Fielders Choice at 2nd, 3-6 (Groundball, 3) Hubert Brown to third | Batting: RHB Germán Romero | 0-0: Ball 1-0: Ball 2-0: Ball 3-0: Called Strike 3-1: SINGLE (Line Drive, 78M) Hubert Brown scores José Moreno to second | Batting: RHB Ethan Moore | 0-0: Ball 1-0: SINGLE (Line Drive, 5D) José Moreno to third Germán Romero to second Runner from 3rd tries for Home, SAFE, throw made home | Batting: LHB Ryan Flynn | 0-0: Called Strike 0-1: Called Strike 0-2: Ball 1-2: Ball 2-2: Fielders Choice at 2nd, 5-4 (Groundball, 5L) | Bottom of the 3rd over - 4 runs, 5 hits, 0 errors, 2 left on base; Buffalo 0 - Reading 7 | TOP OF THE 4TH |
---|
Buffalo LightSabres batting - Pitching for Reading Rainbows : LHP Pedro Rosado | Batting: RHB Raúl Flores | 0-0: Ball 1-0: Ball 2-0: Ball 3-0: Called Strike 3-1: Called Strike 3-2: Strikes out looking | Batting: RHB Sean White | 0-0: Foul Ball, location: 2F 0-1: DOUBLE (Groundball, 5L) | Batting: RHB Mario Solís | 0-0: Ball 1-0: Swinging Strike 1-1: Fly out, F8 (Flyball, 8RM) | Batting: RHB Mike Wagner | 0-0: Called Strike 0-1: Foul Ball, location: 2F 0-2: Ball 1-2: Foul Ball, location: 2F 1-2: Ground out 5-3 (Groundball, 5) | Top of the 4th over - 0 runs, 1 hit, 0 errors, 1 left on base; Buffalo 0 - Reading 7 | BOTTOM OF THE 4TH |
---|
Reading Rainbows batting - Pitching for Buffalo LightSabres : RHP Howard Jewel | Batting: RHB Ron King | 0-0: Ball 1-0: Swinging Strike 1-1: Foul Ball, location: 2F 1-2: Ball 2-2: Ball 3-2: Base on Balls | Batting: RHB Richard Case | 0-0: Called Strike Ron King steals 2nd base 0-1: SINGLE (Groundball, 4D) Ron King to third | Batting: RHB Hubert Brown | 0-0: Ball 1-0: Ball 2-0: Called Strike 2-1: Called Strike 2-2: Strikes out swinging | Batting: RHB Spike Kennedy | 0-0: Ball Richard Case steals 2nd base 1-0: Swinging Strike 1-1: Called Strike 1-2: Ground out 6-3 (Groundball, 6) Ron King scores Richard Case to third | Batting: LHB Júlio Lorenzo | 0-0: Ground out 4-3 (Groundball, 4) | Bottom of the 4th over - 1 run, 1 hit, 0 errors, 1 left on base; Buffalo 0 - Reading 8 | TOP OF THE 5TH |
---|
Buffalo LightSabres batting - Pitching for Reading Rainbows : LHP Pedro Rosado | Batting: LHB Garrett King | 0-0: Ball 1-0: Foul Ball, location: 2F 1-1: Ground out 6-3 (Groundball, 6M) | Batting: RHB Jorge Castillo | 0-0: Ball 1-0: Called Strike 1-1: Called Strike 1-2: Ball 2-2: Ball 3-2: Base on Balls | Pitching: RHP Coy Torres | | Batting: RHB Huub Stolk | 0-0: DOUBLE (Groundball, 5L) Jorge Castillo to third | Batting: RHB Pedro Romero | 0-0: Ground out 5-3 (Groundball, 56S) Jorge Castillo scores Huub Stolk to third | Batting: LHB Rob Davidson | 0-0: Called Strike 0-1: Swinging Strike 0-2: Strikes out looking | Top of the 5th over - 1 run, 1 hit, 0 errors, 1 left on base; Buffalo 1 - Reading 8 | BOTTOM OF THE 5TH |
---|
Reading Rainbows batting - Pitching for Buffalo LightSabres : RHP Howard Jewel | Batting: RHB José Moreno | 0-0: Ball 1-0: Foul Ball, location: 2F 1-1: Ball 2-1: Ground out 4-3 (Groundball, 4M) | Batting: RHB Germán Romero | 0-0: Swinging Strike 0-1: SOLO HOME RUN (Flyball, 8LD), Distance : 437 ft | Batting: RHB Ethan Moore | 0-0: Called Strike 0-1: Ball 1-1: Ball 2-1: Swinging Strike 2-2: Strikes out swinging | Batting: LHB Ryan Flynn | 0-0: DOUBLE (Line Drive, 89D) | Batting: RHB Ron King | 0-0: Called Strike 0-1: Called Strike 0-2: Ball 1-2: Strikes out swinging | Bottom of the 5th over - 1 run, 2 hits, 0 errors, 1 left on base; Buffalo 1 - Reading 9 | TOP OF THE 6TH |
---|
Buffalo LightSabres batting - Pitching for Reading Rainbows : RHP Coy Torres | Batting: RHB Raúl Flores | 0-0: Foul Ball, location: 2F 0-1: Foul Ball, location: 2F 0-2: Ball 1-2: Strikes out looking | Batting: RHB Sean White | 0-0: Ground out 5-3 (Groundball, 56) | Batting: RHB Mario Solís | 0-0: Called Strike 0-1: Foul Ball, location: 2F 0-2: Strikes out swinging | Top of the 6th over - 0 runs, 0 hits, 0 errors, 0 left on base; Buffalo 1 - Reading 9 | BOTTOM OF THE 6TH |
---|
Reading Rainbows batting - Pitching for Buffalo LightSabres : RHP Howard Jewel | Batting: RHB Richard Case | 0-0: Called Strike 0-1: Ground out 6-3 (Groundball, 6) | Batting: RHB Hubert Brown | 0-0: Ball 1-0: Called Strike 1-1: Called Strike 1-2: Ground out 5-3 (Groundball, 56S) | Batting: RHB Spike Kennedy | 0-0: Ball 1-0: Fly out, F5 (Popup, 5SF) | Bottom of the 6th over - 0 runs, 0 hits, 0 errors, 0 left on base; Buffalo 1 - Reading 9 | TOP OF THE 7TH |
---|
Buffalo LightSabres batting - Pitching for Reading Rainbows : RHP Coy Torres | Batting: RHB Mike Wagner | 0-0: Called Strike 0-1: Ball 1-1: Called Strike 1-2: Ball 2-2: Ball 3-2: Base on Balls | Batting: LHB Garrett King | 0-0: Ball 1-0: Foul Ball, location: 2F 1-1: Fly out, F4 (Flyball, 34D) | Batting: RHB Jorge Castillo | 0-0: Ball 1-0: Ball 2-0: Ball 3-0: Base on Balls Mike Wagner to second | Batting: RHB Huub Stolk | 0-0: SINGLE (Line Drive, 9S) Mike Wagner to third Jorge Castillo to second | Batting: RHB Pedro Romero | 0-0: Foul Ball, location: 2F 0-1: Foul Ball, location: 2F 0-2: Foul Ball, location: 2F 0-2: SINGLE (Line Drive, 56) Mike Wagner scores Jorge Castillo to third Huub Stolk to second | Batting: LHB Rob Davidson | 0-0: Ball 1-0: Called Strike 1-1: Ball 2-1: Foul Ball, location: 2F 2-2: Strikes out swinging | Batting: RHB Raúl Flores | 0-0: Fly out, F9 (Line Drive, 9) | Top of the 7th over - 1 run, 2 hits, 0 errors, 3 left on base; Buffalo 2 - Reading 9 | BOTTOM OF THE 7TH |
---|
Reading Rainbows batting - Pitching for Buffalo LightSabres : RHP Howard Jewel | Batting: LHB Júlio Lorenzo | 0-0: SINGLE (Flyball, 9LM) | Pitching: LHP Tom Workman | | Batting: RHB José Moreno | 0-0: Ball 1-0: Foul Ball, location: 2F 1-1: Foul Ball, location: 2F 1-2: Ball 2-2: SINGLE (Line Drive, 4M) Júlio Lorenzo to second | Batting: RHB Germán Romero | 0-0: Ball 1-0: SINGLE (Flyball, 89S) Júlio Lorenzo to third José Moreno to second | Batting: RHB Ethan Moore | 0-0: Ball 1-0: Ball 2-0: Fly out, F7 (Flyball, 7LS) Runner from 3rd tags up, SCORES, throw made | Batting: LHB Ryan Flynn | 0-0: Swinging Strike 0-1: Ball 1-1: Ball 2-1: Ball 3-1: Called Strike 3-2: Base on Balls José Moreno to third Germán Romero to second | Batting: RHB Ron King | Balk! José Moreno scores Germán Romero to third Ryan Flynn to second 0-0: Fly out, F3 (Popup, 34S) | Batting: RHB Richard Case | 0-0: Called Strike 0-1: Fly out, F9 (Line Drive, 9) | Bottom of the 7th over - 2 runs, 3 hits, 0 errors, 2 left on base; Buffalo 2 - Reading 11 | TOP OF THE 8TH |
---|
Buffalo LightSabres batting - Pitching for Reading Rainbows : RHP Coy Torres | Batting: RHB Sean White | 0-0: Swinging Strike 0-1: Swinging Strike 0-2: Ball 1-2: Foul Ball, location: 2F 1-2: SINGLE (Groundball, 6D) | Batting: RHB Mario Solís | 0-0: Foul Ball, location: 2F 0-1: Ball 1-1: Ball 2-1: Foul Ball, location: 2F 2-2: Foul Ball, location: 2F 2-2: Foul Ball, location: 2F 2-2: Fly out, F5 (Line Drive, 56S) | Batting: RHB Mike Wagner | 0-0: Fly out, F9 (Flyball, 9) | Batting: LHB Garrett King | 0-0: Called Strike 0-1: SINGLE (Line Drive, 56D) Sean White to second | Batting: RHB Jorge Castillo | 0-0: Called Strike 0-1: Ball 1-1: Ball 2-1: Called Strike 2-2: Ball 3-2: Foul Ball, location: 2F 3-2: Base on Balls Sean White to third Garrett King to second | Batting: RHB Huub Stolk | 0-0: Ball 1-0: Fly out, F9 (Line Drive, 9) | Top of the 8th over - 0 runs, 2 hits, 0 errors, 3 left on base; Buffalo 2 - Reading 11 | BOTTOM OF THE 8TH |
---|
Reading Rainbows batting - Pitching for Buffalo LightSabres : LHP Tom Workman | Batting: RHB Hubert Brown | 0-0: Foul Ball, location: 2F 0-1: SOLO HOME RUN (Flyball, 8LD), Distance : 436 ft | Batting: RHB Spike Kennedy | 0-0: Ball 1-0: Ball 2-0: Called Strike 2-1: Ball 3-1: Base on Balls | Batting: LHB Júlio Lorenzo | 0-0: Ball 1-0: Swinging Strike 1-1: Ball 2-1: Foul Ball, location: 2F 2-2: SINGLE (Groundball, 34D) Spike Kennedy to second Runner from 2nd tries for 3rd, SAFE, throw made to third | Batting: RHB José Moreno | 0-0: Called Strike 0-1: Ball Júlio Lorenzo is caught stealing 2nd base 1-1: TRIPLE (Flyball, 8RXD) Spike Kennedy scores | Batting: RHB Germán Romero | 0-0: Ball 1-0: Foul Ball, location: 2F 1-1: Ball 2-1: Called Strike 2-2: Strikes out looking | Batting: RHB Ethan Moore | 0-0: Called Strike 0-1: Ball 1-1: Ball 2-1: Ball 3-1: Base on Balls | Batting: LHB Ryan Flynn | 0-0: Ball 1-0: Ball 2-0: Called Strike 2-1: Ball 3-1: Base on Balls Ethan Moore to second | Batting: RHB Ron King | 0-0: Ball 1-0: Foul Ball, location: 2F 1-1: Ball 2-1: Fly out, F8 (Flyball, 8LM) | Bottom of the 8th over - 2 runs, 3 hits, 0 errors, 3 left on base; Buffalo 2 - Reading 13 | TOP OF THE 9TH |
---|
Buffalo LightSabres batting - Pitching for Reading Rainbows : RHP Coy Torres | Now at SS: Allen Hobbs | | Pinch Hitting: RHB Donato Gozende | 0-0: Called Strike 0-1: Swinging Strike 0-2: Ground out 6-3 (Groundball, 6) | Pinch Hitting: RHB Peter Dixon | 0-0: Ball 1-0: Ball 2-0: Called Strike 2-1: Ball 3-1: Base on Balls | Pitching: RHP Millard Manning | | Batting: RHB Raúl Flores | 0-0: Foul Ball, location: 2F 0-1: Ball 1-1: Ball 2-1: Swinging Strike 2-2: Ground out 5-3 (Groundball, 5S) Peter Dixon to second | Batting: RHB Sean White | 0-0: Foul Ball, location: 2F 0-1: Ball 1-1: Called Strike 1-2: Strikes out swinging | Top of the 9th over - 0 runs, 0 hits, 0 errors, 1 left on base; Buffalo 2 - Reading 13 | |